 Dungeon Crawl Stone Soup version 0.17-a0-1850-g688e747 (webtiles) character file.

757 Gruud the Geomancer (level 7, -3/46 HPs)
             Began as a Demonspawn Earth Elementalist on Sept 19, 2015.
             Was an Initiate of Dithmenos.
             Killed by divine providence
             ... invoked by an orc priest
              (14 damage)
             ... on level 5 of the Dungeon.
             The game lasted 00:26:50 (4598 turns).

Gruud the Geomancer (Demonspawn Earth Elementalist) Turns: 4598, Time: 00:26:50

Health: -3/46      AC:  6    Str: 11    XL:     7   Next: 50%
Magic:  0/10       EV: 11    Int: 18    God:    Dithmenos [......]
Gold:   220        SH:  0    Dex: 13    Spells: 3 memorised, 4 levels left

rFire  . . .     SeeInvis .     a - 152 stones
rCold  . . .     Clarity  .     m - +0 leather armour (curse)
rNeg   + . .     SustAt   .     (no shield)
rPois  .         Gourm    .     (helmet restricted)
rElec  .         Spirit   .     D - +0 cloak
rCorr  .         Warding  .     G - +0 pair of gloves
rMut   .         Stasis   .     (no boots)
MR     .....                    (no amulet)
Stlth  ++........               C - ring of positive energy
                                s - +2 ring of intelligence

@: not resistant to hostile enchantments, unstealthy
A: horns 1, icy blue scales 1, spiny 1, rot immunity
a: Renounce Religion


You were on level 5 of the Dungeon.
You worshipped Dithmenos.
Dithmenos was noncommittal.
You were not hungry.

You visited 1 branch of the dungeon, and saw 5 of its levels.
You also visited: Sewer.

You collected 220 gold pieces.

Inventory:

Hand weapons
 b - a +0 short sword
 i - a +0 dagger
 o - a +0 whip
 q - a +2 long sword of slicing
 y - a +0 blowgun
Missiles
 a - 152 stones (in hand)
 A - 20 poisoned needles
Armour
 f - a +0 robe
 g - a +0 buckler
 m - a cursed +0 leather armour (worn)
 B - a +2 shield
 D - a +0 cloak (worn)
 G - a +0 pair of gloves (worn)
Jewellery
 s - a +2 ring of intelligence (left hand)
 C - a ring of positive energy (right hand)
 E - an uncursed ring of stealth {unknown}
 F - an uncursed ring of flight {unknown}
Magical devices
 l - a wand of flame (27)
Scrolls
 k - a scroll of fog {unknown}
 p - 4 scrolls of teleportation
 I - a scroll of magic mapping {unknown}
 J - a scroll of fear {unknown}
Potions
 e - 3 potions of heal wounds
 h - 2 potions of invisibility
 j - a potion of cancellation {unknown}
 n - 3 potions of might
 t - 4 potions of flight
 v - 2 potions of brilliance {unknown}
 w - 2 potions of haste {unknown}
 x - 9 potions of curing
 z - 2 potions of agility {unknown}
 H - a potion of resistance {unknown}
 K - 2 potions of cure mutation {unknown}
Books
 c - a book of Geomancy

   Spells                             Type                      Level
   a - Sandblast                      Earth                        1
   b - Stoneskin                      Transmutation/Earth          2
   c - Passwall                       Transmutation/Earth          3
   d - Stone Arrow                    Conjuration/Earth            3
   e - Petrify                        Transmutation/Earth          4
   f - Lee's Rapid Deconstruction     Earth                        5
Comestibles
 d - 3 bread rations
 r - a meat ration
 u - a slice of pizza
 L - 3 chunks of flesh


   Skills:
 - Level 1.7 Dodging
 - Level 1.7 Stealth
 - Level 2.0 Spellcasting
 - Level 0.8 Transmutations
 * Level 8.2 Earth Magic


You had 4 spell levels left.
You knew the following spells:

 Your Spells              Type           Power        Failure   Level  Hunger
a - Sandblast             Erth           ####..       1%          1    #......
b - Stone Arrow           Conj/Erth      ###...       14%         3    ###....
e - Stoneskin             Trmt/Erth      ###.....     6%          2    ###....


Dungeon Overview and Level Annotations

Branches:
Dungeon (5/15)
 Temple: D:4-7

Altars:
Cheibriados
Dithmenos
Elyvilon
Kikubaaqudgha
Okawaru
Qazlal
Ru
Yredelemnul
Zin

Annotations:
D:5 Duffy's ghost, experienced VSMo


Innate Abilities, Weirdness & Mutations

You have a pair of small horns on your head.
You are partially covered in icy blue scales (AC +1).
You are partially covered in sharp spines.
You are immune to rotting.


Message History

Aiming: Sandblast
Press: ? - help, Shift-Dir - straight line, f/p - orc priest
Aim: an orc priest, wielding a whip of freezing and wearing a chain mail (moderately wounded)
The rocky blast hits the orc priest.
The orc priest is severely wounded.
The orc priest casts a cantrip, but nothing happens.
Casting: Sandblast
Confirm with . or Enter, or press ? or * to list all spells.
Aiming: Sandblast
Press: ? - help, Shift-Dir - straight line, f/p - orc priest
Aim: an orc priest, wielding a whip of freezing and wearing a chain mail (heavily wounded)
The rocky blast hits the orc priest.
You kill the orc priest!
Dithmenos accepts your kill.
The orc priest invokes the aid of Beogh against you.
Pain shoots through your body!
* * * LOW HITPOINT WARNING * * *
The orc priest invokes the aid of Beogh against you.
Something smites you!
You die...

.##.........................
.....####.......)....[..........
##....####.......#.....!..###....
........#####....+...............
........# ##....#...............
........# #.....................
##....# #..................###
.....#######.....................
...........o)...@....#...........
.................#####...........
.................# #...........
.................# #...###.....
.................# #...# #.....
####.............# #...# #.....
#.............# #...# #.....
#.............# #...# #.....
############### #...# ######


You could see an orc priest.

Vanquished Creatures
  A centaur (D:5)
  2 ogres (D:5)
  A crimson imp (D:5)
  An orc wizard (D:4)
  2 orc priests
  3 hounds
  2 worker ants
  9 adders
  A gnoll (D:2)
  6 river rats (Sewer)
  A worm (D:3)
  4 giant geckos
  6 orcs
  6 giant cockroaches
  13 hobgoblins
  2 quokkas (D:4)
  3 ball pythons (Sewer)
  9 bats
  4 giant newts
  3 goblins
  A jackal zombie (D:4)
  19 kobolds
  25 rats
124 creatures vanquished.

Notes
Turn   | Place    | Note
--------------------------------------------------------------
     0 | D:1      | Gruud the Demonspawn Earth Elementalist began the quest for the Orb.
     0 | D:1      | Reached XP level 1. HP: 13/13 MP: 3/3
   521 | D:1      | Reached skill level 3 in Earth Magic
   571 | D:1      | Gained mutation: You are partially covered in sharp spines. [demonic ancestry]
   571 | D:1      | Reached XP level 2. HP: 16/19 MP: 0/5
   673 | D:1      | Learned a level 2 spell: Stoneskin
  1375 | D:2      | Gained mutation: You are immune to rotting. [demonic ancestry]
  1375 | D:2      | Reached XP level 3. HP: 24/24 MP: 3/6
  1509 | D:2      | Reached skill level 4 in Earth Magic
  1518 | D:2      | Learned a level 3 spell: Stone Arrow
  1857 | D:2      | Reached XP level 4. HP: 26/30 MP: 0/7
  1892 | D:2      | Found an iron altar of Okawaru.
  2036 | D:3      | Found a glowing drain.
  2063 | Sewer    | Entered a sewer
  2239 | Sewer    | Reached skill level 5 in Earth Magic
  2375 | Sewer    | Gained mutation: You are partially covered in icy blue scales (AC +1). [demonic ancestry]
  2375 | Sewer    | Reached XP level 5. HP: 23/35 MP: 5/8
  3279 | D:3      | Reached skill level 6 in Earth Magic
  3412 | D:4      | Gained mutation: You have a pair of small horns on your head. [demonic ancestry]
  3412 | D:4      | Reached XP level 6. HP: 29/41 MP: 4/9
  3673 | D:4      | Found a basalt altar of Yredelemnul.
  3685 | D:4      | Found a glowing silver altar of Zin.
  3688 | D:4      | Found a snail-covered altar of Cheibriados.
  3742 | D:4      | Found a white marble altar of Elyvilon.
  3742 | D:4      | Found a shadowy altar of Dithmenos.
  3742 | D:4      | Found a sacrificial altar of Ru.
  3747 | D:4      | Found an ancient bone altar of Kikubaaqudgha.
  3748 | D:4      | Found a stormy altar of Qazlal.
  3753 | D:4      | Became a worshipper of Dithmenos the Shadowed
  4024 | D:5      | Entered Level 5 of the Dungeon
  4166 | D:5      | Reached skill level 7 in Earth Magic
  4248 | D:5      | Found an ancient bone altar of Kikubaaqudgha.
  4249 | D:5      | Reached XP level 7. HP: 41/46 MP: 8/10
  4269 | D:5      | Noticed Duffy's ghost (experienced VSMo)
  4537 | D:5      | Reached skill level 8 in Earth Magic
  4582 | D:5      | HP: 2/46 [orc priest/divine providence (9)]
  4587 | D:5      | HP: 2/46 [orc priest/nerve-wracking pain (12)]
  4598 | D:5      | Killed from afar by an orc priest

Vault maps used:
D:1:      mrwooster_arrival_arrow
D:2:      okawaru_altar_gauntlet_db
D:3:      gup_sewer_entry_pipe
D:4:      minitemple, grunt_temple_overflow_diamond, hangedman_decor_push
D:5:      basic_altar, first_bread
Sewer:    sewer_minmay_treatment

Action                   |  1- 3 |  4- 6 |  7- 9 || total
-------------------------+-------+-------+-------++-------
Melee: Short sword       |    17 |    57 |       ||    74
 Cast: Sandblast         |    45 |    74 |    13 ||   132
       Stoneskin         |       |     2 |       ||     2
       Stone Arrow       |       |       |     5 ||     5
  Use: Scroll            |     1 |     9 |       ||    10
       Potion            |       |       |     2 ||     2
 Stab: Sleeping          |     5 |     3 |       ||     8
  Eat: Chunk             |     4 |     8 |     2 ||    14
